 Dungeon Crawl Stone Soup version 0.23.0 (webtiles) character file.

Game seed: 17446563358966589328

1400 theswoord the Cruncher (level 8, -6/50 HPs)
             Began as a Demonspawn Gladiator on Feb 17, 2019.
             Was an Initiate of Hepliaklqana.
             Mangled by a killer bee (7 damage)
             ... on level 6 of the Dungeon.
             The game lasted 00:10:38 (5213 turns).

theswoord the Cruncher (Demonspawn Gladiator)       Turns: 5213, Time: 00:10:39

Health: -6/50      AC:  9    Str: 16    XL:     8   Next: 41%
Magic:  8/8        EV: 12    Int: 10    God:    Hepliaklqana [......]
Gold:   294        SH:  0    Dex: 15    Spells: 7/7 levels left

rFire    + . .     SeeInvis .   o - +2 quarterstaff (chaos)
rCold    + + .     Gourm    .   (shield currently unavailable)
rNeg     . . .     Faith    .   i - +0 ring mail
rPois    +         Spirit   .   (helmet restricted)
rElec    +         Reflect  .   h - +0 cloak
rCorr    +         Harm     .   (no gloves)
MR       .....                  g - +0 pair of boots
Stlth    ++........             (no amulet)
HPRegen  0.16/turn              t - ring of protection from cold
MPRegen  0.11/turn              (no ring)

@: resistant
A: reduced essence, antennae 1, slimy green scales 1, nightstalker 1
a: Recall Ancestor, Ancestor Identity, Renounce Religion


You were on level 6 of the Dungeon.
You worshipped Hepliaklqana.
Hepliaklqana was noncommittal.
You were hungry.

You visited 2 branches of the dungeon, and saw 8 of its levels.

You collected 294 gold pieces.

Inventory:

Hand Weapons
 a - a +0 quarterstaff
 o - a +2 quarterstaff of chaos (weapon)
Missiles
 d - 4 throwing nets (quivered)
Armour
 b - a +0 leather armour
 c - a +1 helmet
 g - a +0 pair of boots (worn)
 h - a +0 cloak (worn)
 i - a +0 ring mail (worn)
Jewellery
 t - a ring of protection from cold (left hand)
Wands
 l - a wand of iceblast (9)
Scrolls
 j - a scroll of identify
 m - 5 scrolls of remove curse
 v - a scroll of magic mapping
 x - a scroll of fog
 y - a scroll of enchant weapon {unknown}
 z - a scroll of fear {unknown}
Potions
 e - 4 potions of curing
 k - 3 potions of flight
 n - a potion of haste
 p - 2 potions of degeneration {unknown}
 q - a potion of brilliance {unknown}
 r - a potion of resistance
 s - a potion of might {unknown}
 u - a potion of agility {unknown}
 w - a potion of heal wounds {unknown}
Comestibles
 f - 16 rations


   Skills:
 - Level 2.0 Fighting
 + Level 9.9 Staves
 - Level 1.7 Throwing
 - Level 2.6 Dodging


You had 7 spell levels left.
You didn't know any spells.
Your spell library was empty.

Dungeon Overview and Level Annotations

Branches:
Dungeon (7/15)             Temple (1/1) D:6

Altars:
Ashenzari
Cheibriados
Dithmenos
Elyvilon
Fedhas
Gozag
Hepliaklqana
Kikubaaqudgha
Makhleb
Nemelex Xobeh
Okawaru
Qazlal
Ru
Sif Muna
Trog
Uskayaw
Vehumet
Wu Jian
Xom
Yredelemnul
Zin
The Shining One

Annotations:
D:6 2 transporters, Frank's ghost, amateur OpFi


Innate Abilities, Weirdness & Mutations

You have a pair of small antennae on your head.
You are partially covered in slimy green scales. (AC +2)
You are slightly more attuned to the shadows.
Your life essence is reduced to manifest your ancestor. (-10% HP)


Message History

You miss the killer bee.
The killer bee stings you but does no damage.
The killer bee stings you.
* * * LOW HITPOINT WARNING * * *
You are more poisoned.
The killer bee poisons you! The killer bee stings you!
* * * LOW HITPOINT WARNING * * *
You are more poisoned.
The killer bee poisons you! The killer bee stings you!
* * * LOW HITPOINT WARNING * * *
You feel better. The killer bee stings you!
* * * LOW HITPOINT WARNING * * *
The killer bee closely misses you. The killer bee barely misses you.
The killer bee closely misses you. The killer bee barely misses you.
The killer bee closely misses you.
It was a potion of resistance.
You feel protected.
The killer bee stings you but does no damage.
The killer bee stings you!
You die...

###..##.W55) #........## #####
##..##### ##.#....#R.#####...#
##.....###..#...###.........#
##..............#..#####...#
#.......###..#...## ##.##
#.......###..##### #.#
#.............## #.#
#.......##y....## ###.#
#......R#..@y...## ###.#.#
######....###...y.....###.....##
........<.).+.........'........#
######....###.........##.#####.#
#...#.# ##.......###.# #.#
#.....# ##.....## #.# #.#
#...### ##...## #.# #.# ##.##
##'## #.#####.# ####.### #.#
#.......#


You could see 3 killer bees.

Vanquished Creatures
  An ice beast (D:6)
  An orc warrior (D:5)
  A sky beast (D:6)
  2 ogres (D:6)
  3 bullfrogs (D:6)
  A water moccasin skeleton (D:6)
  A scorpion (D:5)
  2 crimson imps
  A jelly (D:6)
  An orc priest (D:3)
  Crazy Yiuf (D:4)
  3 hounds
  A centaur skeleton (D:4)
  2 orc wizards (D:6)
  A worker ant (D:4)
  2 hound skeletons
  6 gnolls (D:6)
  2 worker ant zombies
  6 adders
  A shadow imp (D:7)
  2 adder zombies
  A worm (D:2)
  4 dart slugs
  3 leopard geckos
  13 orcs
  8 giant cockroaches
  13 goblins
  5 hobgoblins
  8 jackals
  8 kobolds
  6 quokkas
  2 ball pythons
  5 bats
  8 frilled lizards
  2 gnoll zombies (D:5)
  2 goblin skeletons (D:6)
  A goblin zombie (D:6)
  2 hobgoblin zombies (D:6)
  A jackal skeleton (D:4)
  A kobold skeleton (D:6)
  2 kobold zombies (D:6)
  2 orc skeletons (D:6)
  8 rats
146 creatures vanquished.

Vanquished Creatures (collateral kills)
  A gnoll (D:6)
  An orc (D:6)
2 creatures vanquished.

Vanquished Creatures (others)
  An ancestor (D:7)
  An orc (D:6)
2 creatures vanquished.

Grand Total: 150 creatures vanquished

Notes
Turn   | Place    | Note
-------+----------+-------------------------------------------
     0 | D:1      | theswoord the Demonspawn Gladiator began the quest for the
                  | Orb.
     0 | D:1      | Reached XP level 1. HP: 16/16 MP: 1/1
    49 | D:1      | Reached skill level 3 in Staves
   134 | D:1      | Gained mutation: You are slightly more attuned to the
                  | shadows. [demonic ancestry]
   134 | D:1      | Reached XP level 2. HP: 22/22 MP: 2/2
   529 | D:1      | Gained mutation: You are partially covered in slimy green
                  | scales. (AC +2) [demonic ancestry]
   529 | D:1      | Reached XP level 3. HP: 27/27 MP: 3/3
   714 | D:2      | Reached skill level 4 in Staves
  1638 | D:3      | Reached XP level 4. HP: 33/33 MP: 4/4
  1830 | D:3      | Reached skill level 5 in Staves
  1923 | D:3      | Reached XP level 5. HP: 38/38 MP: 5/5
  2366 | D:4      | Reached skill level 6 in Staves
  2573 | D:4      | Found a runed translucent door.
  2574 | D:4      | Noticed Crazy Yiuf
  2773 | D:4      | Killed Crazy Yiuf
  2773 | D:4      | Gained mutation: You have a pair of small antennae on your
                  | head. [demonic ancestry]
  2773 | D:4      | Reached XP level 6. HP: 36/44 MP: 6/6
  2929 | D:5      | Entered Level 5 of the Dungeon
  3065 | D:5      | Found a basalt altar of Yredelemnul.
  3262 | D:5      | Reached skill level 7 in Staves
  3418 | D:6      | Noticed an ice beast
  3434 | D:6      | Reached XP level 7. HP: 50/50 MP: 7/7
  3451 | D:6      | Reached skill level 8 in Staves
  3852 | D:6      | Reached skill level 9 in Staves
  3852 | D:6      | Reached XP level 8. HP: 56/56 MP: 8/8
  3853 | D:6      | Found a staircase to the Ecumenical Temple.
  3864 | Temple   | Entered the Ecumenical Temple
  3909 | Temple   | Became a worshipper of Hepliaklqana the Forgotten
  4033 | D:6      | Found a glowing golden altar of the Shining One.
  4080 | D:6      | Found a transporter.
  4095 | D:6      | Found a transporter.
  4102 | D:6      | Noticed Frank's ghost (amateur OpFi)
  4913 | D:6      | Found a radiant altar of Vehumet.
  5211 | D:6      | HP: 2/50 [killer bee (7)]
  5213 | D:6      | Mangled by a killer bee

Skill      XL: |  1  2  3  4  5  6  7 |
---------------+----------------------+-----
Staves         | 3 4 5 6 7 9 |  9.9
Fighting       | |  2.0
Throwing       | |  1.7
Dodging        | |  2.6

Action                   |  1- 3 |  4- 6 |  7- 9 || total
-------------------------+-------+-------+-------++-------
Melee: Quarterstaff      |   125 |   202 |   123 ||   450
Throw: Throwing net      |       |     1 |       ||     1
  Use: Scroll            |     6 |     3 |       ||     9
       Potion            |       |     1 |     3 ||     4
 Stab: Sleeping          |     7 |     3 |     3 ||    13
       Held in net/web   |       |     1 |       ||     1
       Distracted        |       |       |     1 ||     1
       Paralysed         |       |       |     1 ||     1
  Eat: Chunk             |     2 |     6 |     5 ||    13
Armor: Ring mail         |    44 |    81 |    37 ||   162
       Leather armour    |     2 |       |       ||     2
Dodge: Dodged            |    79 |   113 |    84 ||   276

Levels and vault maps discovered:
D:1:      ebering_hopf_link, layout_loops_cross
D:2:      layout_basic, first_ration, minmay_heptomino_w4
D:3:      layout_rooms
D:4:      layout_loops_cross, uniq_crazy_yiuf_cottage
D:5:      layout_cave_pools, lemuel_zombie_altar_yredelemnul
D:6:      minmay_clustersquares, layout_loops_corners, fiery_altar_vehumet,
          minmay_temple_entry_trees, gammafunk_ghost_stat_death,
          nicolae_tso_besieged_by_evil
D:7:      layout_rooms, cheibrodos_worm_habitat
Temple:   regret_index_temple_chain_breaker
